Map: Orbital Depot

Players

Bauernopfer

  • Race: Protoss Protoss
  • League: Diamond
  • Spawn Location: 3:00

HeiligerHonk

  • Race: Terran Terran
  • Spawn Location: 3:00

Counterfeit

  • Race: Zerg Zerg
  • Spawn Location: 1:00

Loken

  • Race: Zerg Zerg
  • League: Platinum
  • Spawn Location: 9:00

Myran

  • Race: Protoss Protoss
  • Spawn Location: 9:00

dallaskuken

  • Race: Protoss Protoss
  • League: Platinum
  • Spawn Location: 7:00

VOD

Have the link to the VOD?

Description

Time

  • Played on: April 5, 2017, 3:50 p.m.
  • Length: 11:00
Show
View Real Time Build Order
Export as new Build Order

Bauernopfer Protoss 

Build Orders: Phoenix Opening 

Get SALT Encoding   

  12  0:01  Probe (Chrono Boost)  
  13  0:11  Probe (Chrono Boost)  
  14  0:19  Pylon  
  14  0:22  Probe (Chrono Boost)  
  15  0:37  Probe (Chrono Boost)  
  15  0:39  Gateway  
  16  0:44  Assimilator  
  16  0:48  Probe (Chrono Boost)  
  17  0:54  Assimilator  
  17  0:58  Probe (Chrono Boost)  
  18  1:06  Pylon  
  18  1:09  Probe (Chrono Boost)  
  19  1:19  Probe (Chrono Boost)  
  20  1:26  Cybernetics Core  
  20  1:30  Probe (Chrono Boost)  
  21  1:41  Forge  
  21  1:44  Probe (Chrono Boost)  
  22  1:55  Probe (Chrono Boost)  
  23  2:04  Stargate  
  23  2:06  Stalker  
  23  2:07  Protoss Air Weapons Level 1  
  25  2:23  Pylon  
  25  2:37  Photon Cannon  
  25  2:40  Protoss Shields Level 1  
  25  2:53  Phoenix  
  27  3:15  Phoenix  
  29  3:27  Nexus  
  29  3:32  Probe (Chrono Boost)  
  30  3:36  Phoenix  
  33  3:49  Probe (Chrono Boost)  
  33  3:51  Pylon  
  33  4:01  Probe (Chrono Boost)  
  33  4:02  Phoenix  
  36  4:29  Phoenix  
  40  4:45  Probe (Chrono Boost)  
  40  4:47  Probe (Chrono Boost)  
  40  4:51  Phoenix  
  40  4:56  Probe (Chrono Boost)  
  40  4:59  Probe (Chrono Boost)  
  44  5:06  Probe (Chrono Boost)  
  45  5:11  Probe (Chrono Boost)  
  46  5:19  Phoenix  
  48  5:29  Probe (Chrono Boost)  
  48  5:31  Probe (Chrono Boost)  
  48  5:33  Photon Cannon  
  48  5:34  Photon Cannon  
  50  5:36  Photon Cannon  
  50  5:37  Pylon  
  50  5:39  Photon Cannon  
  50  5:41  Phoenix  
  50  5:42  Assimilator  
  51  5:43  Probe (Chrono Boost)  
  51  5:48  Assimilator  
  53  6:03  Phoenix  
  53  6:08  Stargate  
  55  6:15  Pylon, Probe (Chrono Boost)  
  55  6:16  Probe (Chrono Boost)  
  56  6:25  Probe (Chrono Boost)  
  56  6:28  Probe (Chrono Boost)  
  56  6:30  Phoenix  
  59  6:52  Phoenix  
  61  7:13  Phoenix  
  57  7:35  Phoenix  
  59  7:57  Phoenix  
  61  8:07  Protoss Air Armor Level 1  
  61  8:08  Stargate  
  61  8:09  Stargate  
  61  8:10  Pylon  
  61  8:13  Pylon  
  61  8:14  Phoenix  
  61  8:19  Phoenix  
  65  8:29  Probe (Chrono Boost)  
  65  8:30  Probe (Chrono Boost)  
  67  8:37  Fleet Beacon  
  67  8:39  Probe (Chrono Boost)  
  69  8:42  Cybernetics Core, Probe (Chrono Boost)  
  69  8:46  Phoenix  
  69  8:47  Phoenix  
  73  8:50  Probe (Chrono Boost)  
  73  8:52  Phoenix x2  
  78  9:22  Nexus  
  76  9:44  Graviton Catapult  
  76  9:52  Pylon  
  83  10:23  Nexus  
  83  10:26  Pylon  
  83  10:30  Pylon  
Show
View Real Time Build Order
Export as new Build Order

HeiligerHonk Terran 

Build Orders:  

Get SALT Encoding   

  12  0:01  SCV  
  13  0:13  SCV  
  14  0:21  Supply Depot  
  14  0:26  SCV  
  15  0:46  Barracks  
  15  0:48  SCV  
  16  1:02  SCV, Barracks  
  17  1:16  SCV  
  18  1:29  Barracks  
  18  1:34  Marine  
  18  1:36  Barracks  
  19  1:42  Orbital Command  
  19  1:51  Supply Depot  
  19  1:54  Marine  
  20  1:57  Marine  
  21  2:10  SCV  
  21  2:13  Engineering Bay  
  21  2:15  Marine  
  23  2:23  Marine x2  
  23  2:24  Marine  
  26  2:33  Supply Depot  
  26  2:35  Marine  
  27  2:44  Missile Turret  
  27  2:50  Marine x2  
  29  2:54  Marine x2  
  29  2:56  Missile Turret  
  31  3:02  SCV  
  32  3:06  Refinery  
  32  3:08  Marine  
  32  3:09  Marine  
  34  3:32  Command Center  
  34  3:45  Marine x4  
  38  3:51  SCV  
  39  4:28  Supply Depot x2  
  39  4:39  Supply Depot  
  39  4:43  SCV, Marine x4  
  39  4:44  Orbital Command  
  44  4:55  SCV  
  45  5:01  Marine x4  
  49  5:19  Marine x4  
  42  5:32  SCV x2  
  44  5:36  Marine x4  
  44  5:41  Factory  
  48  5:44  Factory  
  48  5:52  SCV  
  48  5:53  SCV  
  48  5:54  Marine x4  
  54  6:12  Marine x3  
  57  6:22  Marine  
  58  6:30  Marine x3  
  61  6:40  Marine  
  62  6:48  Marine x3, Cyclone  
  62  6:52  Refinery  
  68  6:56  Refinery  
  68  6:58  Refinery, Marine  
  69  7:05  Marine x3  
  72  7:15  Marine  
  72  7:19  Cyclone  
  76  7:23  Marine x2  
  78  7:57  Supply Depot x2  
  78  7:58  Supply Depot  
  78  8:01  Supply Depot  
  78  8:18  Marine x4, Cyclone  
  78  8:19  Cyclone  
  88  8:23  Supply Depot  
  88  8:36  Marine x2  
  90  8:44  SCV  
  90  8:45  SCV  
  92  8:48  Factory  
  92  8:51  Factory, Cyclone  
  95  8:59  Cyclone  
  98  9:17  SCV x2  
  100  9:29  SCV  
  100  9:30  SCV  
  102  9:38  Cyclone x4  
  114  9:42  SCV x2  
  116  9:54  SCV  
Show
View Real Time Build Order
Export as new Build Order

Counterfeit Zerg 

Build Orders: Pool First 

Get SALT Encoding   

  12  0:01  Drone  
  13  0:09  Drone  
  14  0:16  Drone, Extractor  
  14  0:19  Overlord  
  15  0:33  Spawning Pool  
  14  0:45  Drone x3  
  17  0:50  Extractor  
  16  1:06  Drone  
  17  1:26  Hatchery  
  17  1:29  Zergling x6  
  17  1:30  Queen  
  21  1:46  Spine Crawler, Overlord  
  20  1:59  Zergling x2  
  21  2:02  Metabolic Boost  
  21  2:13  Zergling x4  
  23  2:27  Queen  
  25  2:30  Zergling x2  
  26  2:41  Zergling x10  
  31  2:54  Zergling x4  
  33  2:59  Baneling Nest  
  33  3:04  Evolution Chamber  
  31  3:09  Drone  
  31  3:30  Drone x4  
  31  3:32  Overlord x3  
  35  3:45  Baneling x3  
  35  3:46  Baneling x2  
  35  3:53  Spore Crawler  
  35  3:54  Drone x2  
  36  4:01  Spore Crawler  
  36  4:02  Zerg Melee Weapons Level 1  
  35  4:05  Drone x4  
  35  4:09  Extractor  
  38  4:42  Drone x6  
  38  4:43  Drone x3  
  47  4:53  Extractor x2  
  45  5:01  Drone  
  46  5:17  Zergling x8  
  46  5:18  Zergling x2, Spore Crawler  
  42  6:01  Drone  
  42  6:02  Drone x5  
  44  6:31  Zergling x8  
  48  6:51  Zergling x8  
  48  6:52  Zergling x4  
  54  6:57  Zerg Ground Armor Level 1  
  54  6:58  Lair  
  28  7:27  Zergling x14  
  28  7:28  Zergling x6  
  31  7:55  Zergling x2  
  31  7:56  Zergling x12  
  32  8:07  Zergling x2  
  32  8:08  Zergling x6  
  36  8:29  Spire  
  35  8:37  Queen, Evolution Chamber  
  36  8:44  Overlord x3  
  36  9:07  Hatchery  
  35  9:43  Mutalisk x2  
  35  9:44  Mutalisk x8  
  35  9:45  Mutalisk x2  
  59  9:48  Overlord  
  54  10:28  Mutalisk x3  
  54  10:45  Drone  
  54  10:46  Drone x2  
  57  10:53  Hatchery  
Show
View Real Time Build Order
Export as new Build Order

Loken Zerg 

Build Orders: Hatch First 

Get SALT Encoding   

  12  0:01  Drone  
  13  0:08  Drone  
  14  0:18  Overlord  
  14  0:37  Drone x3  
  17  0:48  Drone  
  19  1:04  Drone  
  19  1:10  Hatchery  
  18  1:16  Spawning Pool  
  17  1:19  Drone  
  17  1:23  Drone, Extractor  
  18  1:41  Extractor  
  18  1:42  Drone x2  
  19  1:52  Overlord  
  19  2:04  Queen, Zergling x2  
  22  2:14  Zergling x2  
  23  2:23  Queen, Drone  
  23  2:26  Zergling x2  
  23  2:28  Metabolic Boost  
  27  2:39  Drone  
  28  2:47  Drone  
  28  2:48  Drone  
  30  2:52  Spine Crawler  
  29  3:05  Drone x2  
  30  3:10  Drone x2  
  30  3:11  Drone  
  34  3:13  Zergling x4  
  34  3:17  Overlord  
  31  3:33  Zergling x6  
  33  3:42  Spine Crawler, Drone  
  33  3:47  Lair  
  33  4:05  Zergling x10  
  38  4:14  Overlord  
  37  4:28  Spore Crawler  
  36  4:53  Hydralisk Den  
  34  5:25  Overlord x3  
  34  5:26  Overlord  
  21  5:58  Hydralisk x2  
  21  5:59  Hydralisk x3  
  31  6:05  Hatchery  
  30  6:12  Hydralisk  
  27  6:24  Drone x3  
  18  7:18  Drone x2  
  18  7:19  Drone x4  
  22  7:46  Hydralisk  
  22  7:47  Hydralisk  
  22  7:50  Muscular Augments  
  26  7:59  Hydralisk  
  28  8:06  Hydralisk  
  30  8:13  Hydralisk  
  32  8:21  Hydralisk  
  34  8:32  Hydralisk  
  36  8:36  Hydralisk  
  38  8:49  Hydralisk  
  38  8:51  Hydralisk  
  42  9:00  Hydralisk  
  44  9:08  Hydralisk  
  46  9:49  Overlord x2  
  46  9:50  Overlord x2  
  46  10:12  Hydralisk x4  
Show
View Real Time Build Order
Export as new Build Order

Myran Protoss 

Build Orders:  

Get SALT Encoding   

  12  0:02  Probe (Chrono Boost)  
  13  0:13  Probe (Chrono Boost)  
  14  0:21  Pylon  
  14  0:24  Probe (Chrono Boost)  
  15  0:52  Gateway  
  14  1:06  Probe (Chrono Boost)  
  15  1:19  Assimilator  
  15  1:24  Assimilator  
  15  1:41  Probe (Chrono Boost)  
  15  1:42  Cybernetics Core  
  16  1:52  Probe (Chrono Boost)  
  17  1:59  Nexus  
  17  2:01  Zealot  
  17  2:02  Probe (Chrono Boost)  
  20  2:14  Probe (Chrono Boost)  
  21  2:25  Twilight Council, Probe (Chrono Boost)  
  22  2:31  Pylon  
  22  2:40  Probe (Chrono Boost)  
  23  2:49  Zealot  
  25  2:57  Assimilator  
  25  3:00  Probe (Chrono Boost)  
  26  3:11  Templar Archives  
  26  3:14  Pylon  
  26  3:17  Warp Gate  
  28  3:27  Zealot  
  28  3:41  Gateway  
  28  3:43  Psionic Storm  
  28  3:47  Probe (Chrono Boost)  
  29  4:13  Probe (Chrono Boost)  
  30  4:17  High Templar  
  30  4:21  Probe (Chrono Boost)  
  33  4:46  High Templar  
  33  5:41  High Templar x2  
    6:02  Probe (Chrono Boost)  
  1  6:14  Probe (Chrono Boost)  
  2  6:25  Probe (Chrono Boost)  
  3  6:32  Nexus  
  3  6:33  Zealot x2  
  3  6:35  Probe (Chrono Boost)  
  8  6:46  Probe (Chrono Boost)  
  9  6:57  Probe (Chrono Boost)  
  10  7:07  Probe (Chrono Boost)  
  11  7:18  Probe (Chrono Boost)  
  12  7:23  Nexus  
  12  7:28  Probe (Chrono Boost)  
  13  7:31  Assimilator  
  13  7:39  Probe (Chrono Boost)  
  13  7:47  High Templar  
  13  7:48  High Templar  
  17  7:57  Probe (Chrono Boost)  
  18  8:00  Probe (Chrono Boost)  
  19  8:07  Probe (Chrono Boost)  
  20  8:18  Probe (Chrono Boost)  
  21  8:21  High Templar  
  23  8:28  Probe (Chrono Boost)  
  24  8:37  High Templar  
  24  8:39  Probe (Chrono Boost)  
  27  8:46  Probe (Chrono Boost)  
  28  8:51  Probe (Chrono Boost)  
  29  8:57  Probe (Chrono Boost)  
  29  9:01  Probe (Chrono Boost)  
  31  9:05  Pylon  
  31  9:12  Probe (Chrono Boost)  
  31  9:15  High Templar  
  34  9:23  Probe (Chrono Boost)  
  26  9:49  High Templar  
  26  9:50  High Templar  
  30  10:05  Probe (Chrono Boost)  
  31  10:15  Probe (Chrono Boost)  
  23  10:26  Probe (Chrono Boost)  
  10  10:36  Probe (Chrono Boost)  
  10  10:37  High Templar x2  
  15  10:47  Probe (Chrono Boost)  
Show
View Real Time Build Order
Export as new Build Order

dallaskuken Protoss 

Build Orders:  

Get SALT Encoding   

  12  0:01  Probe (Chrono Boost)  
  13  0:13  Pylon  
  13  0:16  Probe (Chrono Boost)  
  14  0:26  Probe (Chrono Boost)  
  15  0:31  Gateway  
  15  0:37  Probe (Chrono Boost)  
  15  0:41  Assimilator  
  16  0:46  Assimilator  
  16  0:47  Probe (Chrono Boost)  
  17  0:55  Gateway  
  17  0:58  Probe (Chrono Boost)  
  18  1:08  Probe (Chrono Boost)  
  19  1:18  Cybernetics Core  
  19  1:19  Probe (Chrono Boost)  
  19  1:21  Pylon  
  20  1:30  Probe (Chrono Boost)  
  21  1:40  Probe (Chrono Boost)  
  22  1:47  Warp Gate  
  22  1:51  Pylon  
  22  1:52  Probe (Chrono Boost)  
  23  1:54  Stalker x2  
  27  2:03  Mothership Core (Chrono Boost)  
  29  2:26  Gateway  
  29  2:29  Gateway  
  29  2:32  Gateway  
  29  2:41  Pylon x2  
  29  2:53  Stalker  
  29  2:54  Stalker  
  33  3:10  Probe (Chrono Boost)  
  34  3:16  Stalker x2  
  38  3:20  Stalker  
  38  3:22  Probe (Chrono Boost)  
  42  3:34  Probe (Chrono Boost)  
  42  3:47  Nexus  
  42  3:54  Zealot x2  
  46  3:56  Zealot x2  
  50  4:15  Sentry x2  
  54  4:48  Pylon  
  54  4:49  Pylon  
  54  4:51  Pylon  
  54  4:52  Pylon  
  54  4:55  Probe (Chrono Boost)  
  55  5:07  Stalker x3, Probe (Chrono Boost)  
  54  5:19  Probe (Chrono Boost)  
  56  5:28  Probe (Chrono Boost)  
  56  5:31  Probe (Chrono Boost)  
  57  5:39  Probe (Chrono Boost)  
  59  5:43  Probe (Chrono Boost)  
  59  5:49  Probe (Chrono Boost)  
  60  5:55  Probe (Chrono Boost)  
  61  6:00  Probe (Chrono Boost)  
  61  6:01  Stalker x2  
  61  6:02  Stalker x2  
  70  6:08  Probe (Chrono Boost)  
  70  6:10  Probe (Chrono Boost)  
  72  6:21  Probe (Chrono Boost)  
  74  6:33  Stalker x2  
  74  6:34  Stalker  
  67  6:53  Stalker x2  
  45  7:55  Stalker x3  
  43  8:27  Nexus  
Tags
 
Add a new tag
Caveats
  • Supply blocks, unpowered buildings, or Contaminate may cause inaccurate times.
  • Supply counts are checked every 10 seconds.